 Dungeon Crawl Stone Soup version 0.32-a0-41-gec2d92a32c (webtiles) character file.

Game seed: 2221967246585804818

12681 cforsyth the Fighter (level 12, -30/98 HPs)
             Began as a Djinni Enchanter on Jan 25, 2024.
             Was an Elder of Fedhas.
             Killed from afar by an ice statue (31 damage)
             ... with a bolt of cold
             ... in an ice cave.
             The game lasted 00:35:15 (19832 turns).

cforsyth the Fighter (Djinni Enchanter)            Turns: 19832, Time: 00:35:15

Health: -30/98     AC:  8    Str:  7    XL:     12   Next: 23%
Gold:   1398       EV: 12    Int: 22    God:    Fedhas [****..] SH:  0 Dex: 16

rFire   + + .        Q - +6 quarterstaff "Beetlebane" {freeze, rElec rCorr Int+2}
rCold   . . .        (shield currently unavailable)
rNeg    . . .        F - +0 robe {rC+}
rPois   ∞            u - +2 helmet
rElec   +            j - +0 cloak
rCorr   +            K - +1 Delatra's gloves {ID++}
SInv    .            (boots unavailable)
Will    ++...        p - amulet of the acrobat
Stlth   ++           D - ring of resist corrosion
HPRegen 0.36/turn    I - ring of willpower
MPRegen 0.00/turn

%: acrobat, infuse magic (-31 HP)
@: flying
A: sickness immunity, fire resistance 2, cold vulnerability 1, float, innate
caster, HP casting, extra vitality 1
a: Renounce Religion, Wall of Briars, Grow Ballistomycete, Overgrow


You were in an ice cave.
You worshipped Fedhas.
Fedhas was greatly pleased with you.
You visited 2 branches of the dungeon, and saw 12 of its levels.
You also visited: Ice Cave.

You collected 1735 gold pieces.
You spent 337 gold pieces at shops.

Inventory:

Hand Weapons
 a - a +2 dagger
 x - a +1 short sword of venom
 z - a +2 dagger of venom
 Q - the +6 quarterstaff "Beetlebane" (weapon) {freeze, rElec rCorr Int+2}
   (You bought it in a shop on level 7 of the Dungeon)

   Int+2:     It affects your intelligence (+2).
   rElec:     It insulates you from electricity.
   rCorr:     It protects you from acid and corrosion.
Armour
 b - a +0 robe
 j - a +0 cloak (worn)
 u - a +2 helmet (worn)
 C - the +1 robe of Sloth {-Tele rF+++ Str+3 Int+3}
   (You found it on level 5 of the Dungeon)

   Str+3:     It affects your strength (+3).
   Int+3:     It affects your intelligence (+3).
   rF+++:     It renders you almost immune to fire.
   -Tele:     It prevents most forms of teleportation.
 F - a +0 robe of cold resistance (worn)
 H - the +7 chain mail "Iblep" {+Inv Str+2 Int+2 SInv}
   (You found it on level 6 of the Dungeon)

   Str+2:     It affects your strength (+2).
   Int+2:     It affects your intelligence (+2).
   SInv:      It lets you see invisible.
   +Inv:      It lets you turn invisible.
 K - the +1 Delatra's gloves (worn) {ID++}
   (You found it on level 6 of the Dungeon)

   ID++:      It heals its wearer when they drink unknown potions, and restores
   their MP when they read unknown scrolls.
Jewellery
 p - an amulet of the acrobat (around neck)
 A - a ring of fire
 D - a ring of resist corrosion (left hand)
 I - a ring of willpower (right hand)
 N - a ring of ice
Wands
 k - a wand of roots (9)
 n - a wand of paralysis (8)
 q - a wand of digging (12)
 y - a wand of mindburst (13)
 B - a wand of flame (51)
Scrolls
 d - a scroll of silence {unknown}
 e - 3 scrolls of teleportation
 f - a scroll of poison
 g - a scroll of enchant armour {unknown}
 h - 2 scrolls of torment {unknown}
 i - 3 scrolls of enchant weapon
 o - a scroll of brand weapon {unknown}
 s - a scroll of fog
 E - a scroll of blinking
 G - a scroll of identify
 M - 4 scrolls of revelation {unknown}
 P - a scroll of immolation
 R - a scroll of vulnerability {unknown}
 S - 2 scrolls of noise {unknown}
Potions
 c - a potion of resistance
 l - 5 potions of curing
 m - 3 potions of haste
 r - a potion of berserk rage
 t - 2 potions of lignification
 v - a potion of might
 w - 2 potions of enlightenment
 J - 3 potions of heal wounds
 L - a potion of mutation
 O - 2 potions of invisibility


   Skills:
 + Level 13.5 Fighting
 - Level 0.8 Short Blades
 - Level 2.1 Dodging
 - Level 2.4 Stealth
 + Level 10.7 Spellcasting
 + Level 10.7 Conjurations
 + Level 10.7 Hexes
 + Level 10.7 Summonings
 + Level 10.7 Necromancy
 + Level 10.7 Translocations
 + Level 10.7 Fire Magic
 + Level 10.7 Ice Magic
 + Level 10.7 Air Magic
 + Level 10.7 Earth Magic
 + Level 10.7 Alchemy


You knew the following spells:

 Your Spells              Type           Power      Damage    Failure   Level
a - Ensorcelled Hibernat  Hex/Ice        100%       N/A       1%          2
b - Confusing Touch       Hex            56%        N/A       1%          3
c - Tukima's Dance        Hex            56%        N/A       1%          3
d - Dazzling Flash        Conj/Hex       100%       N/A       1%          3
e - Magic Dart            Conj           100%       1d8       1%          1
f - Blink                 Tloc           100%       N/A       1%          2
g - Fugue of the Fallen   Necr           56%        N/A       1%          3
h - Animate Dead          Necr           56%        N/A       1%          4
i - Metabolic Englaciati  Hex/Ice        28%        N/A       1%          5
Your spell library was empty.

Dungeon Overview and Level Annotations

Branches:
Dungeon (11/15)            Temple (1/1) D:6             Orc (0/2) D:9
  IceCv (1/1)
   Lair: D:8-11

Altars:
Ashenzari
Cheibriados
Dithmenos
Fedhas
Gozag
Hepliaklqana
Makhleb
Nemelex Xobeh
Okawaru
Qazlal
Ru
Trog
Uskayaw
Wu Jian
Xom
Yredelemnul
Zin
The Shining One

Shops:
D:3 :   D:5 ?   D:7 (*(:

Annotations:
D:5 1 runed translucent door, Sirjeffry24's ghost, novice BaHu IceCv exclusion: 2 ice statues


Innate Abilities, Weirdness & Mutations

You are immune to sickness and miasma.
You are immune to poison.
Your flesh is very heat resistant. (rF++)
You are vulnerable to cold. (rC-)
You float through the air rather than walking.
You learn spells naturally, not from books.
Your magical power is your life essence.
You have superior vitality. (+4 MHP)


Message History

Your slime creature zombie hits the ice statue but does no damage.
The ice beast hits your slime creature zombie.
The ice beast freezes your slime creature zombie.
Your slime creature zombie resists.
The ice beast hits your slime creature zombie.
The ice beast freezes your slime creature zombie.
Your slime creature zombie resists.
What are your orders? t - Shout!
Orders for allies: a - Attack new target. r - Retreat! s - Stop attacking. g - Guard the area. f - Follow me.
Anything else - Cancel.
Gang up on whom?
Press: ? - help, Dir - move target, f - ice statue
Aim: an ice statue (heavily damaged, not watching you, ally target) Attack!
Your slime creature zombie hits the ice statue!
The ice beast hits your slime creature zombie.
The ice beast freezes your slime creature zombie.
Your slime creature zombie resists.
Your slime creature zombie hits the ice statue but does no damage.
The ice beast hits your slime creature zombie.
The ice beast freezes your slime creature zombie.
Your slime creature zombie resists.
You hit the ice statue.
The ice statue is severely damaged.
The ice statue gestures at you. The bolt of cold hits you!!
* * * LOW HITPOINT WARNING * * *
The ice beast hits your slime creature zombie.
The ice beast freezes your slime creature zombie.
Your slime creature zombie resists.
Your slime creature zombie hits the ice beast but does no damage.
Your slime creature zombie hits the ice statue but does no damage.
The ice beast completely misses your slime creature zombie.
The ice statue gestures at you. The bolt of cold hits you!!
You die...
Fedhas appreciates your contribution to the ecosystem.

...##..#
#..#
#.####.##
... ###
#..# #..###
#..# #....#
##.## #...#
#..# #..Y#
#..## #YY#
##..## #Z8#
#...####Z@#
##.Z.##...#
##..#....#
#.......#
#......##
##.....#
##...##
#####


You could see an ice statue (ally target), 3 ice beasts and 2 friendly slime
creature zombies.

Vanquished Creatures
  Pikel (D:4)
  A cyclops (D:8)
  A meliai (D:8)
  An unseen horror (D:6)
  A komodo dragon (D:10)
  A hornet (D:8)
  Grinder (D:4)
  5 slime creatures (IceCv)
  Sigmund (D:6)
  A shadow (D:6)
  A wyvern (D:6)
  14 yaks
  2 steam dragons
  An acid dragon (D:9)
  3 water moccasins
  3 ice beasts
  A black bear (D:7)
  2 sky beasts
  4 orc warriors
  2 slime creature simulacra (IceCv)
  4 centaurs
  2 phantoms
  2 lemures
  3 kobold brigands
  4 bullfrogs
  4 scorpions
  A gnoll sergeant (D:5)
  A glowing shapeshifter simulacrum (IceCv)
  4 wights
  6 killer bees
  A bombardier beetle (D:4)
  3 electric eels (D:10)
  6 howler monkeys
  2 jellies
  11 orc priests
  6 hounds
  Ijyb (D:5)
  5 iguanas
  2 sleepcaps
  15 orc wizards
  9 gnolls
  5 adders
  4 shadow imps
  A white imp (D:7)
  An ufetubus (D:6)
  An orc zombie (D:8)
  A ribbon worm (D:2)
  3 dart slugs
  39 orcs
  5 ball pythons
  A bat (D:1)
  5 endoplasms
  2 giant cockroaches (D:2)
  2 goblins
  14 hobgoblins
  2 jackals (D:4)
  2 quokkas
  A frilled lizard (D:2)
  12 kobolds
  6 rats
246 creatures vanquished.

Vanquished Creatures (collateral kills)
  A two-headed ogre (D:7)
  An orc knight (D:8)
  Maggie (D:6)
  A slime creature (IceCv)
  An orc warrior (D:8)
  2 bullfrogs
  2 gnoll sergeants
  A wight (D:9)
  A jelly (D:7)
  2 gnoll boudas (D:8)
  An orc priest (D:8)
  A hound (D:7)
  An orc wizard (D:8)
  A gnoll (D:9)
  7 orcs
24 creatures vanquished.

Vanquished Creatures (others)
  3 dancing weapons
  A cyclops zombie (D:8)
  A bullfrog zombie (D:7)
  An iguana (D:5)
  2 killer bee zombies (D:8)
  A gnoll zombie (D:9)
  6 orc zombies
15 creatures vanquished.

Grand Total: 285 creatures vanquished

Notes
Turn   | Place    | Note
-------+----------+-------------------------------------------
     0 | D:1      | cforsyth the Djinni Enchanter began the quest for the Orb.
     0 | D:1      | cforsyth set off with the following spells memorised:
                  | Ensorcelled Hibernation, Confusing Touch, Tukima's Dance,
                  | Dazzling Flash.
     0 | D:1      | Reached XP level 1. HP: 15/15 MP: 0/0
   219 | D:1      | Reached XP level 2. HP: 17/22 MP: 0/0
   519 | D:1      | Reached skill level 1 in Fighting
   888 | D:1      | HP: 1/22 [rat (2)]
  1201 | D:2      | Reached XP level 3. HP: 27/27 MP: 0/0
  1201 | D:2      | Learned a level 1 spell: Magic Dart
  1420 | D:2      | Reached skill level 2 in Fighting
  1425 | D:2      | Reached XP level 4. HP: 21/33 MP: 0/0
  2194 | D:3      | Found a shimmering altar of Xom.
  2207 | D:3      | Found a hide-covered altar of Uskayaw.
  2210 | D:3      | Found an ornate altar of the Wu Jian Council.
  2245 | D:3      | Found Pokusuv's Vocational Training.
  2444 | D:3      | Found a hazy altar of Hepliaklqana.
  2726 | D:4      | Reached skill level 3 in Fighting
  2726 | D:4      | Reached XP level 5. HP: 31/40 MP: 0/0
  2726 | D:4      | Learned a level 2 spell: Blink
  2857 | D:4      | Noticed a phantom
  3244 | D:4      | Noticed a lemure
  3244 | D:4      | Noticed a lemure
  3244 | D:4      | Noticed a lemure
  3244 | D:4      | Noticed a lemure
  3669 | D:3      | Killed a lemure
  3894 | D:4      | Reached XP level 6. HP: 44/47 MP: 0/0
  4109 | D:4      | Noticed Pikel
  4123 | D:4      | Killed Pikel
  4124 | D:4      | Reached skill level 5 in Fighting
  4124 | D:4      | Reached skill level 5 in Spellcasting
  4124 | D:4      | Reached skill level 5 in Conjurations
  4124 | D:4      | Reached skill level 5 in Hexes
  4124 | D:4      | Reached skill level 5 in Summonings
  4124 | D:4      | Reached skill level 5 in Necromancy
  4124 | D:4      | Reached skill level 5 in Translocations
  4124 | D:4      | Reached skill level 5 in Fire Magic
  4124 | D:4      | Reached skill level 5 in Ice Magic
  4124 | D:4      | Reached skill level 5 in Air Magic
  4124 | D:4      | Reached skill level 5 in Earth Magic
  4124 | D:4      | Reached skill level 5 in Alchemy
  4124 | D:4      | Reached XP level 7. HP: 32/54 MP: 0/0
  4124 | D:4      | Learned a level 3 spell: Fugue of the Fallen
  4462 | D:4      | Reached XP level 8. HP: 49/61 MP: 0/0
  4588 | D:4      | Reached skill level 6 in Fighting
  4733 | D:5      | Entered Level 5 of the Dungeon
  4733 | D:5      | Noticed Grinder
  5617 | D:4      | Killed Grinder
  5860 | D:4      | Reached skill level 7 in Fighting
  6394 | D:4      | Reached XP level 9. HP: 25/68 MP: 0/0
  6394 | D:4      | Learned a level 4 spell: Animate Dead
  6680 | D:5      | Found Orofehesk's Magic Scroll Shoppe.
  6683 | D:5      | Noticed Ijyb
  6695 | D:5      | Killed Ijyb
  6856 | D:5      | Found a runed translucent door.
  6857 | D:5      | Noticed Sirjeffry24's ghost (novice BaHu)
  6917 | D:5      | Identified the +1 robe of Sloth {-Tele rF+++ Str+3 Int+3}
  6980 | D:5      | Reached skill level 8 in Fighting
  7053 | D:5      | Bought a scroll of teleportation for 33 gold pieces
  7053 | D:5      | Bought a scroll of identify for 22 gold pieces
  7053 | D:5      | Bought 3 scrolls of identify for 66 gold pieces
  7413 | D:6      | Identified the +7 chain mail "Iblep" {+Inv Str+2 Int+2
                  | SInv}
  7529 | D:6      | Noticed Maggie
  7529 | D:6      | Noticed Sigmund
  8067 | D:6      | Reached skill level 9 in Fighting
  8273 | D:6      | Reached XP level 10. HP: 61/78 MP: 0/0
  8468 | D:7      | Found Gukhlom's Book Shoppe.
  8909 | D:6      | Killed Maggie
  8910 | D:6      | Reached skill level 10 in Fighting
  9084 | D:6      | Killed Sigmund
  9416 | D:6      | Found a shadowy altar of Dithmenos.
  9781 | D:6      | Found the +1 Delatra's gloves {ID++}
 10014 | D:6      | Found a staircase to the Ecumenical Temple.
 10055 | Temple   | Entered the Ecumenical Temple
 10070 | Temple   | Became a worshipper of Fedhas Madash
 10592 | D:6      | Found a staircase to the Ecumenical Temple.
 10732 | D:6      | Found a shadowy altar of Dithmenos.
 11765 | D:6      | Killed an unseen horror
 11766 | D:6      | Reached skill level 11 in Fighting
 12315 | D:7      | Reached XP level 11. HP: 67/87 MP: 0/0
 12315 | D:7      | Learned a level 5 spell: Metabolic Englaciation
 12547 | D:7      | Noticed a two-headed ogre
 12769 | D:7      | Killed a two-headed ogre
 13190 | D:7      | Reached * piety under Fedhas
 13433 | D:7      | Found a burning altar of Makhleb.
 13436 | D:7      | Found Jemuda's General Store.
 13471 | D:7      | Found Ysinef's Weapon Shoppe.
 13650 | D:7      | Found Muamya's Antique Weapon Emporium.
 13653 | D:7      | Bought a crystal quarterstaff for 216 gold pieces
 13653 | D:7      | Identified the +6 quarterstaff "Beetlebane" {freeze, rElec
                  | rCorr Int+2} (You bought it in a shop on level 7 of the
                  | Dungeon)
 14038 | D:8      | Reached skill level 12 in Fighting
 14283 | D:8      | Noticed a meliai
 14606 | D:8      | Killed a meliai
 14783 | D:8      | Reached ** piety under Fedhas
 15006 | D:8      | Noticed a cyclops
 15104 | D:8      | Killed a cyclops
 15365 | D:8      | Reached skill level 10 in Spellcasting
 15365 | D:8      | Reached skill level 10 in Conjurations
 15365 | D:8      | Reached skill level 10 in Hexes
 15365 | D:8      | Reached skill level 10 in Summonings
 15365 | D:8      | Reached skill level 10 in Necromancy
 15365 | D:8      | Reached skill level 10 in Translocations
 15365 | D:8      | Reached skill level 10 in Fire Magic
 15365 | D:8      | Reached skill level 10 in Ice Magic
 15365 | D:8      | Reached skill level 10 in Air Magic
 15365 | D:8      | Reached skill level 10 in Earth Magic
 15365 | D:8      | Reached skill level 10 in Alchemy
 15881 | D:8      | Noticed an orc knight
 15890 | D:8      | Killed an orc knight
 16307 | D:9      | Identified a scroll of acquirement
 16310 | D:9      | Acquired 1154 gold pieces
 16392 | D:9      | Reached *** piety under Fedhas
 17037 | D:9      | Reached skill level 13 in Fighting
 17694 | D:9      | Reached XP level 12. HP: 62/98 MP: 0/0
 18112 | D:9      | Found a staircase to the Orcish Mines.
 18445 | D:10     | Entered Level 10 of the Dungeon
 18930 | D:11     | Found a frozen archway.
 19133 | IceCv    | Entered an ice cave
 19756 | IceCv    | Reached **** piety under Fedhas
 19832 | IceCv    | HP: 1/98 [ice statue/bolt of cold (21)]
 19832 | IceCv    | Killed from afar by an ice statue

Illustrated notes

Levels and vault maps discovered:
D:1:      saegor_arrival_simple_a, layout_loops_ring, serial_forest,
          infiniplex_forest_clump_cross, infiniplex_forest_clump_small,
          infiniplex_forest_clump_C, infiniplex_forest_clump_double,
          infiniplex_forest_zigzag_1, infiniplex_forest_clump_small,
          infiniplex_forest_end_1, nrook_mini_backslash
D:2:      layout_basic, minivault_14
D:3:      layout_rooms, minitemple, lemuel_tele_altar, nicolae_shop_vocational
D:4:      layout_loops_corners, minmay_misc_feat_four_crosses, uniq_pikel
D:5:      layout_rooms, ebering_ghost_reflecting_pool, kennysheep_windowed_goal,
          uniq_grinder, uniq_ijyb
D:6:      minmay_inner_zag, layout_basic, grunt_dithmenos_shadows,
          minmay_temple_entry_gardened_gates, pf_guarded_unrand_delatra,
          uniq_maggie, uniq_sigmund
D:7:      layout_layer_cave, old_standard_altar, serial_shops,
          nicolae_stop_n_shop_2, shop, nicolae_shop_tiny_real_fake_doors, shop,
          chequers_avenue, minmay_the_grid_2x2 [minmay_the_grid_diamond_grid,
          minmay_the_grid_minigrid_small, minmay_the_grid_odd_star,
          minmay_the_grid_prize_four_corners_diamond_b]
D:8:      nzn_winding_woodlands_three_and_one
          [nzn_winding_woodlands_5x15_garden, nzn_winding_woodlands_5x15_parted,
          nzn_winding_woodlands_5x15_twine,
          nzn_winding_woodlands_center_garden], layout_basic
D:9:      layout_grid_maze, david_orc_3, hangedman_decor_peaks_small,
          serial_bayou_lagoon_a
D:10:     layout_basic, mainiacjoe_overflow_24_doors, david_lair_shrubbed,
          uniq_erica
D:11:     layout_irregular_city, portal_ice_cave_entry_pillars_1
Temple:   bh_familiar_temple
IceCv:    ice_cave_hellmonk_azure_passage

Skill      XL: |  1  2  3  4  5  6  7  8  9 10 11 |
---------------+----------------------------------+-----
Spellcasting   | 3 4 5 6 7 9 10 | 10.7
Conjurations   | 3 4 5 6 7 9 10 | 10.7
Hexes          | 3 4 5 6 7 9 10 | 10.7
Summonings     | 3 4 5 6 7 9 10 | 10.7
Necromancy     | 3 4 5 6 7 9 10 | 10.7
Translocations | 3 4 5 6 7 9 10 | 10.7
Fire Magic     | 3 4 5 6 7 9 10 | 10.7
Ice Magic      | 3 4 5 6 7 9 10 | 10.7
Air Magic      | 3 4 5 6 7 9 10 | 10.7
Earth Magic    | 3 4 5 6 7 9 10 | 10.7
Alchemy        | 3 4 5 6 7 9 10 | 10.7
Fighting       | 1 2 3 5 7 9 11 13 | 13.5
Short Blades   | |  0.8
Dodging        | |  2.1
Stealth        | |  2.4

Action                     |  1- 3 |  4- 6 |  7- 9 | 10-12 || total
---------------------------+-------+-------+-------+-------++-------
  Melee: Dagger            |   114 |    94 |   141 |   278 ||   627
         Punch             |     3 |       |     6 |     5 ||    14
         Short sword       |       |       |    66 |       ||    66
         Quarterstaff      |       |       |       |   249 ||   249
   Cast: Ensorcelled Hiber |     3 |     9 |     1 |     6 ||    19
         Magic Dart        |    21 |    98 |    95 |   405 ||   619
         Confusing Touch   |       |     8 |    22 |    82 ||   112
         Tukima's Dance    |       |       |     5 |    31 ||    36
         Animate Dead      |       |       |     1 |    14 ||    15
         Blink             |       |       |       |     1 ||     1
         Metabolic Englaci |       |       |       |    29 ||    29
  Evoke: Wand              |       |       |       |     4 ||     4
    Use: Potion            |     1 |       |     1 |       ||     2
         Scroll            |       |     6 |     5 |    11 ||    22
   Stab: Sleeping          |     3 |     4 |     1 |     1 ||     9
         Confused          |       |     3 |    20 |    36 ||    59
         Distracted        |       |       |       |     1 ||     1
 Armour: Robe              |    61 |    53 |   135 |   378 ||   627
         Skin              |       |       |       |    51 ||    51
  Dodge: Dodged            |    61 |    59 |   126 |   433 ||   679

Table legend: (Time is in decaauts)
 A = Elapsed time spent in this place.
 B = Non-inter-level travel time spent in this place.
 C = Inter-level travel time spent in this place.
 D = Time resting spent in this place.
 E = Time spent auto-exploring this place.
 F = Levels seen in this place.
 G = Mean time per level.
                   A        B        C        D        E       F      G
               +--------+--------+--------+--------+--------+-----+--------+
         Total |  19903 |  19451 |    452 |   5432 |  10198 |  13 | 1531.0 |
       Dungeon |  19163 |  18739 |    424 |   5060 |  10082 |  11 | 1742.1 |
        Temple |     29 |      1 |     28 |      0 |      0 |   1 |   29.0 |
      Ice Cave |    710 |    710 |      0 |    372 |    116 |   1 |  710.0 |
               +--------+--------+--------+--------+--------+-----+--------+

Top non-repeatable levels by time:
     D:6: 3945 daAuts
     D:4: 3372 daAuts
     D:9: 2444 daAuts
     D:7: 2277 daAuts
     D:8: 2144 daAuts
     D:2: 1227 daAuts
     D:1: 1175 daAuts
     D:5: 1171 daAuts
     D:3: 711 daAuts
   IceCv: 710 daAuts
    D:10: 490 daAuts
    D:11: 202 daAuts
  Temple: 29 daAuts
